 Dungeon Crawl Stone Soup version 0.30-a0-358-g0d69a19 (webtiles) character file.

Game seed: 2361094535718915306

124 BriarBranch the Magician (level 4, -2/24 HPs)
             Began as a Deep Elf Hedge Wizard on Nov 8, 2022.
             Slain by a gnoll
             ... wielding a +0 club
             ... led by a gnoll bouda
              (6 damage)
             ... on level 4 of the Dungeon.
             The game lasted 00:14:43 (3533 turns).

BriarBranch the Magician (Deep Elf Hedge Wizard)    Turns: 3533, Time: 00:14:44

Health: -2/24      AC:  3    Str:  7    XL:     4   Next: 81%
Magic:  10/13      EV: 13    Int: 27    God:
Gold:   121        SH:  0    Dex: 14    Spells: 11/14 levels left

rFire   . . .      SeeInvis .    a - +0 dagger
rCold   . . .      Faith    .    (no shield)
rNeg    . . .      Spirit   .    b - +0 robe
rPois   .          Reflect  .    c - +0 hat
rElec   .          Harm     .    (no cloak)
rCorr   .          Rampage  .    (no gloves)
Will    .....                    f - +0 pair of boots
Stlth   ++........               (no amulet)
HPRegen 0.24/turn                m - +6 ring of intelligence
MPRegen 0.13/turn                (no ring)

@: no status effects
A: no striking features
a: no special abilities


You were on level 4 of the Dungeon.
You visited 1 branch of the dungeon, and saw 4 of its levels.

You collected 121 gold pieces.

Inventory:

Hand Weapons
 a - a +0 dagger (weapon)
Armour
 b - a +0 robe (worn)
 c - a +0 hat (worn)
 f - a +0 pair of boots (worn)
Jewellery
 m - a +6 ring of intelligence (left hand)
Scrolls
 g - a scroll of immolation
 h - a scroll of fog {unknown}
 i - a scroll of enchant armour {unknown}
 n - 2 scrolls of identify
 o - a scroll of fear {unknown}
Potions
 d - a potion of magic
 e - a potion of resistance {unknown}
 j - a potion of brilliance {unknown}
 k - a potion of degeneration {unknown}
 l - a potion of mutation {unknown}
 p - a potion of curing


   Skills:
 + Level 0.2 Fighting
 + Level 2.9 Dodging
 + Level 3.1 Stealth
 + Level 5.9 Spellcasting
 * Level 2.6 Conjurations
 * Level 2.0 Summonings
 + Level 1.1 Translocations


You had 11 spell levels left.
You knew the following spells:

 Your Spells              Type           Power      Damage    Failure   Level
a - Magic Dart            Conj           88%        1d7       2%          1
b - Call Imp              Summ           18%        N/A       4%          2

Your spell library contained the following spells:

 Spells                   Type           Power      Damage    Failure   Level
 Blink                    Tloc           28%        N/A       6%          2
 Slow                     Hex            32%        N/A       7%          1
 Cigotuvi's Dreadful Rot  Necr/Pois/Air  16%        N/A       10%         2
 Poisonous Vapours        Pois/Air       16%        N/A       10%         2
 Dazzling Flash           Conj/Hex       30%        N/A       12%         3
 Summon Guardian Golem    Hex/Summ       13%        N/A       13%         3
 Mephitic Cloud           Conj/Pois/Air  12%        N/A       14%         3
 Iskenderun's Mystic Bla  Conj/Tloc      18%        2d6       30%         4
 Starburst                Conj/Fire      7%         6d4       99%         6
 Orb of Destruction       Conj           11%        9d6       100%        7
 Spellforged Servitor     Conj/Summ      10%        N/A       100%        7


Dungeon Overview and Level Annotations

Branches:
Dungeon (4/15)
 Temple: D:4-7

Altars:
Dithmenos
Elyvilon


Message History

A gnoll comes into view. It is wielding a +0 spear.
A hobgoblin comes into view.
Aiming: Magic Dart (safe; 2% risk of failure)
Press: ? - help, Q - select action, (/) - cycle Shift-Dir - straight line, f/p - gnoll
Aim: a gnoll, wielding a +0 club (lightly wounded, ally target, 100% to hit)
The magic dart hits the gnoll but does no damage.
The gnoll is lightly wounded.
Your crimson imp looks weaker.
Aiming: Magic Dart (safe; 2% risk of failure)
Press: ? - help, Q - select action, (/) - cycle Shift-Dir - straight line, f/p - gnoll
Aim: a gnoll, wielding a +0 club (lightly wounded, ally target, 100% to hit)
The magic dart hits the gnoll.
The gnoll is moderately wounded.
A gnoll bouda comes into view. It is wielding a +0 club.
The gnoll attacks as you move away! The gnoll hits you with a +0 club.
The gnoll attacks as you move away! The gnoll completely misses you.
Your crimson imp is no longer weakened.
The gnoll attacks as you move away! The gnoll hits you with a +0 club.
The gnoll attacks as you move away! The gnoll hits you with a +0 club!
You see here a +0 halberd.
The gnoll picks up the pace!
The gnoll attacks as you move away! The gnoll completely misses you.
Your crimson imp blinks!
The gnoll attacks as you move away! The gnoll hits you with a +0 club.
The gnoll barely misses you.
Your crimson imp blinks!
The gnoll hits you but does no damage. The gnoll attacks as you move away!
The gnoll closely misses you. The gnoll completely misses you.
The gnoll attacks as you move away! The gnoll completely misses you.
The gnoll is no longer moving quickly.
Casting: Magic Dart (safe; 2% risk of failure)
Confirm with . or Enter, or press ? or * to list all spells.
A beastly little devil appears in a puff of flame.
The gnoll hits you with a +0 club.
Your crimson imp hits the gnoll.
The gnoll attacks as you move away! The gnoll hits you with a +0 club.
* * * LOW HITPOINT WARNING * * *
The gnoll attacks as you move away! The gnoll hits you with a +0 club.
You die...

#.......)......†.......
##.#############.......
#.# ....... #.# .......
#.# ######## .......
#.# #......# #######
#.# #.####.# #.#
#.#.<#.# #.####.##@#.#
#......5g...#
##......##...#
#.......#....#
#######.##...#
#.####......#
#.........#.#
#.#########.# #.# #.#


You could see a gnoll (ally target) and a friendly crimson imp (summoned).

Vanquished Creatures
  8 adders
  An orc (D:2)
  7 ball pythons
  3 endoplasms
  3 giant cockroaches
  3 goblins
  4 hobgoblins
  7 bats
  3 frilled lizards
  2 kobolds (D:1)
  5 rats
46 creatures vanquished.

Vanquished Creatures (collateral kills)
  A gnoll (D:4)
1 creature vanquished.

Vanquished Creatures (others)
  6 plants (D:1)
6 creatures vanquished.

Grand Total: 53 creatures vanquished

Notes
Turn   | Place    | Note
-------+----------+-------------------------------------------
     0 | D:1      | BriarBranch the Deep Elf Hedge Wizard began the quest for
                  | the Orb.
     0 | D:1      | Reached XP level 1. HP: 10/10 MP: 7/7
   641 | D:1      | Reached XP level 2. HP: 15/15 MP: 7/9
   779 | D:1      | Reached skill level 5 in Spellcasting
  1382 | D:2      | Found a faded altar of an unknown god.
  1454 | D:2      | Found a shadowy altar of Dithmenos.
  1625 | D:2      | Reached XP level 3. HP: 19/19 MP: 6/11
  2167 | D:3      | Found a white marble altar of Elyvilon.
  2612 | D:3      | Learned a level 2 spell: Call Imp
  2716 | D:3      | Reached XP level 4. HP: 17/24 MP: 8/13
  3533 | D:4      | Slain by a gnoll

Illustrated notes

Levels and vault maps discovered:
D:1:      arrival_zaba_pyramid, layout_basic, serial_bayou_lagoon_a,
          fountainhead
D:2:      layout_basic, basic_altar, basic_ecumenical_altar
D:3:      layout_loops_cross, mainiacjoe_overflow_catwalk, minmay_snake_closets
D:4:      cheibrodos_greedy_goblins, layout_basic

Skill      XL: |  1  2  3  4 |
---------------+-------------+-----
Spellcasting   | 5 |  5.9
Summonings     | 2 |  2.0
Conjurations   | 2 |  2.6
Stealth        | 3 |  3.1
Fighting       | |  0.2
Dodging        | |  2.9
Translocations | |  1.1

Action                   |  1- 3 |  4- 6 || total
-------------------------+-------+-------++-------
Melee: Dagger            |       |     2 ||     2
 Cast: Magic Dart        |    76 |    32 ||   108
       Call Imp          |     1 |     3 ||     4
  Use: Scroll            |       |     2 ||     2
Armor: Robe              |     3 |     2 ||     5
Dodge: Dodged            |    15 |    16 ||    31

Table legend: (Time is in decaauts)
 A = Elapsed time spent in this place.
 B = Non-inter-level travel time spent in this place.
 C = Inter-level travel time spent in this place.
 D = Time resting spent in this place.
 E = Time spent auto-exploring this place.
 F = Levels seen in this place.
 G = Mean time per level.
                   A        B        C        D        E       F      G
               +--------+--------+--------+--------+--------+-----+--------+
         Total |   3534 |   3410 |    124 |    310 |   2773 |   4 |  883.5 |
       Dungeon |   3534 |   3410 |    124 |    310 |   2773 |   4 |  883.5 |
               +--------+--------+--------+--------+--------+-----+--------+

Top non-repeatable levels by time:
     D:3: 1179 daAuts
     D:2: 1105 daAuts
     D:1: 1063 daAuts
     D:4: 185 daAuts
